 Dungeon Crawl Stone Soup version 0.20.0-15-g7f486f2 (webtiles) character file.

84 theemperora the Digger (level 4, -2/24 HPs)
             Began as a Deep Elf Earth Elementalist on June 9, 2017.
             Was an Initiate of Vehumet.
             Killed by divine providence
             ... invoked by an orc priest
              (15 damage)
             ... on level 3 of the Dungeon.
             The game lasted 00:11:48 (2162 turns).

theemperora the Digger (DEEE)                       Turns: 2162, Time: 00:11:50

Health: -2/24      AC:  3    Str:  5    XL:     4   Next: 24%
Magic:  11/11      EV: 13    Int: 21    God:    Vehumet [......]
Gold:   109        SH:  0    Dex: 15    Spells: 6/10 levels left

rFire    . . .     SeeInvis +   m - +0 dagger
rCold    . . .     Gourm    .   (no shield)
rNeg     . . .     Faith    +   h - +1 robe
rPois    .         Spirit   .   (no helmet)
rElec    .         Reflect  .   (no cloak)
rCorr    +         Harm     .   (no gloves)
MR       .....                  (no boots)
Stlth    ++........             k - amulet of faith
Regen    0.1/turn               v - ring of resist corrosion
MPRegen  0.2/turn               j - ring of see invisible

@: no status effects
A: no striking features
a: Renounce Religion


You were on level 3 of the Dungeon.
You worshipped Vehumet.
Vehumet was noncommittal.
You were not hungry.

You visited 1 branch of the dungeon, and saw 3 of its levels.

You collected 109 gold pieces.

Inventory:

Hand Weapons
 l - a -3 dagger
 m - a +0 dagger (weapon)
 s - a cursed -2 dagger
Missiles
 r - 4 javelins (quivered)
Armour
 a - a +2 leather armour of cold resistance
 c - a +0 robe
 h - a +1 robe (worn)
 p - a +0 robe
Jewellery
 i - a -3 ring of strength
 j - a ring of see invisible (right hand)
 k - an amulet of faith (around neck)
 v - a ring of resist corrosion (left hand)
Scrolls
 b - a scroll of teleportation
 n - 5 scrolls of identify
 o - a scroll of recharging {unknown}
 t - 2 scrolls of blinking {unknown}
 u - a scroll of remove curse
Potions
 f - a potion of curing
Books
 e - a book of Geomancy

   Spells                             Type                      Level
   a - Sandblast                      Earth                        1
   b - Passwall                       Transmutation/Earth          2
   c - Stone Arrow                    Conjuration/Earth            3
   d - Petrify                        Transmutation/Earth          4
   e - Lee's Rapid Deconstruction     Earth                        5
Comestibles
 d - 3 bread rations
 g - a meat ration
 q - a royal jelly


   Skills:
 * Level 2.8 Dodging
 + Level 2.8 Stealth
 * Level 3.9 Spellcasting
 * Level 0.2 Conjurations
   Level 1.1 Transmutations
 * Level 4.8 Earth Magic


You had 6 spell levels left.
You knew the following spells:

 Your Spells              Type           Power        Failure   Level  Hunger
a - Sandblast             Erth           ###...       1%          1    None
b - Stone Arrow           Conj/Erth      ##....       13%         3    ###....


Dungeon Overview and Level Annotations

Branches:
Dungeon (3/15)

Altars:
Qazlal
Vehumet


Message History

You see here a worm corpse.
An orc priest comes into view. It is wielding a club.
Found 13 gold pieces.
The orc priest shouts!
An orc wizard comes into view. It is wielding a dagger.
An orc comes into view. It is wielding a mace.
The orc shouts!
The orc wizard shouts!
The orc wizard casts a spell.
The orc wizard blinks!
The orc wizard misses you.
The orc priest looks encouraged for a moment.
The orc wizard closely misses you. The orc wizard hits you with a dagger.
An orc comes into view. It is wielding a club.
The orc wizard casts a spell at you. The magic dart hits you!
The orc priest calls down the wrath of Beogh upon you.
Beogh smites you!
Ouch! That really hurt!
You die...

.. ##.....## ..##### #.......#
......# #.......# ......#
#.......# ......# #.....#
.#....##########.....##
#.....................#
.................†....########
.<..............@.o.o........#
..#...............o..#######..
..#.............#...##
#.#.#..........#####..
#.#.##...#......# ....
....#..###........ ..o#
......## ......... $..#
....### ........ ...# .....
.......


You could see an orc priest, an orc wizard and 2 orcs.

Vanquished Creatures
  2 adders (D:2)
  A gnoll (D:2)
  2 worms
  A dart slug (D:2)
  3 leopard geckos (D:2)
  A giant cockroach (D:1)
  11 goblins
  7 hobgoblins
  4 kobolds (D:2)
  A ball python (D:2)
  4 bats
  2 frilled lizards
  7 rats
46 creatures vanquished.

Notes
Turn   | Place    | Note
-------+----------+-------------------------------------------
     0 | D:1      | theemperora the Deep Elf Earth Elementalist began the quest for the Orb.
     0 | D:1      | Reached XP level 1. HP: 10/10 MP: 6/6
   327 | D:1      | Reached XP level 2. HP: 13/15 MP: 4/8
   906 | D:2      | Reached skill level 4 in Earth Magic
   967 | D:2      | Reached XP level 3. HP: 14/19 MP: 7/10
  1337 | D:2      | Found a stormy altar of Qazlal.
  1353 | D:2      | Reached XP level 4. HP: 11/24 MP: 3/11
  1845 | D:2      | Learned a level 3 spell: Stone Arrow
  1886 | D:2      | Found a radiant altar of Vehumet.
  1892 | D:2      | Became a worshipper of Vehumet
  2162 | D:3      | Killed from afar by an orc priest

Skill      XL: |  1  2 |
---------------+-------+-----
Earth Magic    | 4 |  4.8
Dodging        | |  2.8
Stealth        | |  2.8
Spellcasting   | |  3.9
Conjurations   | |  0.2
Transmutations | |  1.1

Action                   |  1- 3 |  4- 6 || total
-------------------------+-------+-------++-------
 Cast: Sandblast         |    51 |     2 ||    53
       Stone Arrow       |       |     7 ||     7
  Use: Scroll            |     5 |       ||     5
       Potion            |     2 |       ||     2
  Eat: Meat ration       |       |     1 ||     1
       Chunk             |       |     1 ||     1
Armor: Robe              |     3 |       ||     3
Dodge: Dodged            |    21 |     4 ||    25
